 Dungeon Crawl Stone Soup version 0.26.1-11-gd32895ea62 (webtiles) character file.

Game seed: 16099549920370252336

203 Zeld the Slasher (level 6, 44/44 HPs)
             Began as a Human Gladiator on June 5, 2021.
             Quit the game on level 3 of the Dungeon.
             The game lasted 00:02:23 (2863 turns).

Zeld the Slasher (Human Gladiator)                  Turns: 2863, Time: 00:02:23

Health: 44/44      AC:  6    Str: 17    XL:     6   Next: 8%
Magic:  6/6        EV: 13    Int:  8    God:
Gold:   89         SH:  0    Dex: 14    Spells: 5/5 levels left

rFire    . . .     SeeInvis .   a - +0 long sword
rCold    . . .     Faith    .   (no shield)
rNeg     . . .     Spirit   .   b - +0 leather armour
rPois    .         Reflect  .   c - +0 helmet
rElec    .         Harm     .   (no cloak)
rCorr    .         Rampage  .   l - +1 pair of gloves
Will     .....                  (no boots)
Stlth    +.........             (no amulet)
HPRegen  0.14/turn              (no ring)
MPRegen  0.10/turn              (no ring)

@: no status effects
A: no striking features
a: no special abilities


You were on level 3 of the Dungeon.
You visited 1 branch of the dungeon, and saw 4 of its levels.

You collected 89 gold pieces.

Inventory:

Hand Weapons
 a - a +0 long sword (weapon)
Missiles
 d - 3 throwing nets (quivered)
Armour
 b - a +0 leather armour (worn)
 c - a +0 helmet (worn)
 l - a +1 pair of gloves (worn)
Jewellery
 n - a +4 ring of slaying {unknown}
Wands
 m - a wand of iceblast (9)
Scrolls
 f - 5 scrolls of identify {unknown}
 i - 3 scrolls of remove curse {unknown}
 j - 2 scrolls of enchant weapon {unknown}
 k - a scroll of fear {unknown}
Potions
 e - 2 potions of flight {unknown}
 g - a potion of cancellation {unknown}
 h - 3 potions of heal wounds
 o - a potion of brilliance {unknown}


   Skills:
 - Level 2.0 Fighting
 * Level 6.3 Long Blades
 - Level 2.0 Throwing
 - Level 3.0 Dodging


You had 5 spell levels left.
You didn't know any spells.
Your spell library was empty.

Dungeon Overview and Level Annotations

Branches:
Dungeon (4/15)
 Temple: D:4-7

Altars:


Message History

You hit the jackal.
You kill the jackal!
The hobgoblin closely misses you.
You see here a jackal corpse.
The hobgoblin completely misses you. The hobgoblin misses you.
You riposte.
You closely miss the hobgoblin. The hobgoblin closely misses you.
You slash the hobgoblin!
You kill the hobgoblin!
There is a stone staircase leading down here.
You see here a jackal corpse.
Key pressed, stopping explore.
HP restored.
You see here a robe.
Found an escape hatch in the floor.
f - 5 scrolls labelled HUBEBO CUPLOI (gained 1) Key pressed, stopping explore.
o - a coppery potion No target in view!
Are you sure you want to abandon this character and quit the game? (Confirm with "yes".)

..##<....... #.# ###.........
..#.<...#### #.# #...........
.......## #.# #...........
...†...# ##.# ...#....)....
#..(..##### #.. #...#.........
.(.(#.....######.##...####..#.###
.................................
†(.†.(####......................#
##†##........##.@.# ###...###..
#.).......##..#...# #..## ##.
............>.....# ##.. #..
..........##.....## #........#
#...[....^#..##..### #...######
#.........#.##.....# .......)..
###.........##.#.#.# #####....
..##.........#.#.# #....
.####.........#.#.###### #....


There were no monsters in sight!

Vanquished Creatures
  A scorpion (D:4)
  A worker ant (D:3)
  A gnoll (D:1)
  4 adders
  2 worms (D:2)
  A dart slug (D:1)
  4 leopard geckos
  An orc (D:3)
  A ball python (D:2)
  5 giant cockroaches
  5 goblins
  10 hobgoblins
  5 jackals
  5 kobolds
  2 quokkas
  10 bats
  9 rats
67 creatures vanquished.

Notes
Turn   | Place    | Note
-------+----------+-------------------------------------------
     0 | D:1      | Zeld the Human Gladiator began the quest for the Orb.
     0 | D:1      | Reached XP level 1. HP: 16/16 MP: 1/1
   148 | D:1      | Reached XP level 2. HP: 18/22 MP: 2/2
   546 | D:1      | Reached skill level 4 in Long Blades
   546 | D:1      | Reached XP level 3. HP: 27/27 MP: 3/3
  1244 | D:2      | Reached XP level 4. HP: 32/33 MP: 4/4
  2118 | D:3      | Reached skill level 5 in Long Blades
  2408 | D:3      | Reached XP level 5. HP: 36/38 MP: 5/5
  2604 | D:4      | Reached skill level 6 in Long Blades
  2604 | D:4      | Reached XP level 6. HP: 11/44 MP: 6/6
  2863 | D:3      | Quit the game

Illustrated notes

Levels and vault maps discovered:
D:1:      grunt_arrival_crossed_arrows, layout_basic,
          amcnicky_mini_rare_corridor_liquid
D:2:      layout_loops_cross, grunt_ministairs_12, bh_walls_and_bars
D:3:      layout_rooms
D:4:      layout_basic, gammafunk_ghost_icy

Skill      XL: |  1  2  3  4  5 |
---------------+----------------+-----
Long Blades    | 4 5 6 |  6.3
Fighting       | |  2.0
Throwing       | |  2.0
Dodging        | |  3.0

Action                   |  1- 3 |  4- 6 || total
-------------------------+-------+-------++-------
Melee: Long sword        |    62 |   123 ||   185
  Use: Potion            |       |     1 ||     1
Armor: Leather armour    |    15 |    46 ||    61
Dodge: Dodged            |    45 |   136 ||   181
       Rpst.: Long sword |    17 |    44 ||    61
